 Dungeon Crawl Stone Soup version 0.20.1-1-g8b1a95d (webtiles) character file.

7 tidbits the Insei (level 1, -1/15 HPs)
             Began as a Demigod Transmuter on Aug 19, 2017.
             Killed from afar by a dart slug (5 damage)
             ... with a slug dart
             ... on level 1 of the Dungeon.
             The game lasted 00:02:47 (305 turns).

tidbits the Insei (Demigod Transmuter)               Turns: 305, Time: 00:02:48

Health: -1/15      AC:  2    Str: 13    XL:     1   Next: 73%
Magic:  4/5        EV: 12    Int: 17    God:
Gold:   38         SH:  0    Dex: 16    Spells: 2/3 levels left

rFire    . . .     SeeInvis .     - Unarmed
rCold    . . .     Gourm    .   (no shield)
rNeg     . . .     Faith    .   b - +0 robe
rPois    .         Spirit   .   (no helmet)
rElec    .         Reflect  .   (no cloak)
rCorr    .         Harm     .   (no gloves)
MR       .....                  (no boots)
Stlth    +.........             (no amulet)
Regen    0.1/turn               (no ring)
MPRegen  0.1/turn               (no ring)

@: appendage (expiring)
A: horns 2, high mp 1
a: End Transformation


You were on level 1 of the Dungeon.
You were not hungry.
You had grown temporary horns.
You visited 1 branch of the dungeon, and saw 1 of its levels.

You collected 38 gold pieces.

Inventory:

Missiles
 a - 12 arrows
 f - 2 tomahawks (quivered)
Armour
 b - a +0 robe (worn)
Scrolls
 e - a scroll of enchant weapon {unknown}
 h - a scroll of recharging {unknown}
Books
 c - a book of Changes

   Spells                             Type                      Level
   a - Beastly Appendage              Transmutation                1
   b - Sticks to Snakes               Transmutation                2
   c - Spider Form                    Transmutation/Poison         3
   d - Ice Form                       Ice/Transmutation            4
   e - Blade Hands                    Transmutation                5
Comestibles
 d - a bread ration
 g - a chunk of flesh


   Skills:
 - Level 0.8 Fighting
 - Level 1.7 Dodging
 + Level 3.2 Unarmed Combat
 - Level 1.7 Spellcasting
 - Level 1.7 Transmutations


You had 2 spell levels left.
You knew the following spells:

 Your Spells              Type           Power        Failure   Level  Hunger
e - Beastly Appendage     Tmut           #.....       10%         1    #......


Dungeon Overview and Level Annotations

Branches:
Dungeon (1/15)


Innate Abilities, Weirdness & Mutations

You have an increased reservoir of magic. (+10% MP)
You have a pair of horns on your head.


Message History

The ball python constricts you.
You closely miss the ball python. You headbutt the ball python.
You kill the ball python!
It was a potion of haste.
You feel yourself speed up. The kobold barely misses you.
You hit the kobold.
You kill the kobold!
You see here a dagger.
Your transformation is almost over.
Found 11 gold pieces.
You now have 38 gold pieces (gained 11).
You open the door.
Your horns disappear.
There is an open door here.
You open the door.
There is an open door here.
There is an open door here.
Found a scroll labeled XAQ YNKAGIM.
You open the door.
There is an open door here.
e - a scroll labeled XAQ YNKAGIM You open the door.
There is an open door here.
Your extra speed is starting to run out.
You feel yourself slow down.
There is an open door here.
Found an escape hatch in the floor.
Found a scroll labeled TIERAOS NUURCH.
A rat comes into view.
Found a stone staircase leading down.
Casting: Beastly Appendage
Confirm with . or Enter, or press ? or * to list all spells.
You grow a pair of large bovine horns.
A rat comes into view.
The rat moves out of view.
There is an escape hatch in the floor here.
Your transformation is almost over.
You closely miss the rat. You barely miss the rat. You headbutt the rat.
The rat is heavily wounded.
The rat bites you.
* * * LOW HITPOINT WARNING * * *
You barely miss the rat.
The rat is heavily wounded.
The rat barely misses you.
You closely miss the rat. Your headbutt misses the rat.
The rat is heavily wounded.
The rat twitches its whiskers.
Your horns disappear.
There is an open door here.
Casting: Beastly Appendage
Confirm with . or Enter, or press ? or * to list all spells.
You miscast Beastly Appendage.
You are very lightly contaminated with residual magic.
Nothing appears to happen.
The rat misses you.
Casting: Beastly Appendage
Confirm with . or Enter, or press ? or * to list all spells.
Your feet morph into talons.
The rat bites you.
* * * LOW HITPOINT WARNING * * *
You hit the rat.
You kill the rat!
You hit the rat. You claw the rat.
The rat is severely wounded.
The rat misses you.
You barely miss the rat. Your kick misses the rat.
The rat is severely wounded.
The rat bites you.
* * * LOW HITPOINT WARNING * * *
You closely miss the rat. Your kick misses the rat.
The rat is severely wounded.
The rat misses you.
You closely miss the rat. Your kick misses the rat.
The rat is severely wounded.
The rat misses you.
You hit the rat.
You kill the rat!
Your transformation is almost over.
There is an open door here.
You see here a rat corpse.
You butcher the rat corpse.
g - a chunk of flesh
There is an open door here.
Your talons disappear.
Your magical contamination has completely faded away.
Found a ring mail.
h - a scroll labeled TIERAOS NUURCH A dart slug comes into view.
The dart slug launches a dart at you. The slug dart misses you.
A leopard gecko comes into view.
The leopard gecko hisses angrily.
The dart slug launches a dart at you. The slug dart hits you!
* * * LOW HITPOINT WARNING * * *
Casting: Beastly Appendage
Confirm with . or Enter, or press ? or * to list all spells.
You grow a pair of large bovine horns.
The dart slug launches a dart at you. The slug dart hits you!
You die...

#.. #.### ####...#####
.......[...##
.............
#...........#
##......########
...#...........#########
................@...wl.#
.....#.........#######.#
######################.
........................#
.......###'###..........#
8....'####.# ##'....8...#
....##..##..##.##.......#
..#####.###.##..###.....#
..#...#...#.###...#.....#


You could see a dart slug and a leopard gecko.

Vanquished Creatures
  2 jackals (D:1)
  2 kobolds (D:1)
  A ball python (D:1)
  3 rats (D:1)
8 creatures vanquished.

Notes
Turn   | Place    | Note
-------+----------+-------------------------------------------
     0 | D:1      | tidbits the Demigod Transmuter began the quest for the Orb.
     0 | D:1      | Reached XP level 1. HP: 15/15 MP: 5/5
    87 | D:1      | Reached skill level 3 in Unarmed Combat
   305 | D:1      | Killed from afar by a dart slug

Skill      XL: |  1 |
---------------+----+-----
Unarmed Combat | 3 |  3.2
Fighting       | |  0.8
Dodging        | |  1.7
Spellcasting   | |  1.7
Transmutations | |  1.7

Action                   || total
-------------------------++-------
Melee: Unarmed           ||    34
       Headbutt          ||     4
       Kick              ||     1
 Cast: Beastly Appendage ||     7
  Use: Potion            ||     1
Armor: Robe              ||     5
Dodge: Dodged            ||    16

Table legend:
 A = Turns spent in this place as a percentage of turns spent in the entire game.
 B = Non-inter-level travel turns spent in this place as a percentage of non-inter-level travel turns spent in the entire game.
 C = Inter-level travel turns spent in this place as a percentage of turns spent in this place.
 D = Turns resting spent in this place as a percentage of non-inter-level travel turns spent in this place.
 E = Turns spent auto-exploring this place as a percentage of non-inter-level travel turns spent in this place.
 F = Non-inter-level travel turns spent in this place divided by the number of levels of this place that you've seen.
                   A       B       C       D       E      F
               +-------+-------+-------+-------+-------+----------------------
         Total | 100.0 | 100.0 |   0.0 |   0.0 |   0.0 | 301.0
       Dungeon | 100.0 | 100.0 |   0.0 |   0.0 |   0.0 | 301.0
               +-------+-------+-------+-------+-------+----------------------

Table legend:
 A = Kills in this place as a percentage of kills in entire the game.
 B = Kills by you in this place as a percentage of kills by you in the entire game.
 C = Kills by friends in this place as a percentage of kills by friends in the entire game.
 D = Other kills in this place as a percentage of other kills in the entire game.
 E = Experience gained in this place as a percentage of experience gained in the entire game.
 F = Experience gained in this place divided by the number of levels of this place that you have seen.
                   A       B       C       D       E      F
               +-------+-------+-------+-------+-------+----------------------
         Total | 100.0 | 100.0 |  -nan |  -nan | 100.0 |  11.0
       Dungeon | 100.0 | 100.0 |  -nan |  -nan | 100.0 |  11.0
               +-------+-------+-------+-------+-------+----------------------

Vault maps used:
D:1:      nicolae_arrival_somewhat_less_tricky_arrival
